Map: Lost and Found LE

Players

Semper - Winner!

  • Race: Terran Terran
  • Spawn Location: 7:00

Nice

  • Race: Protoss Protoss
  • Spawn Location: 1:00

Event: WCS Austin 2018

VOD

Have the link to the VOD?

Description

Time

  • Played on: June 1, 2018, 2:20 p.m.
  • Length: 8:14

All games in this series

Show
View Real Time Build Order
Export as new Build Order

Semper Terran - Winner!

Build Orders: Reaper Expand, MMM Bio 

Get SALT Encoding   

  12  0:00  SCV  
  13  0:12  SCV  
  14  0:17  Supply Depot  
  14  0:25  SCV  
  15  0:38  SCV  
  15  0:40  Barracks  
  16  0:46  Refinery  
  16  0:50  SCV  
  17  1:03  SCV  
  18  1:07  Engineering Bay  
  18  1:15  SCV  
  19  1:28  Orbital Command  
  19  1:29  Reaper  
  20  1:54  Command Center  
  20  1:57  SCV  
  21  2:01  Marine  
  22  2:10  Supply Depot  
  22  2:13  SCV  
  23  2:23  Factory  
  23  2:24  Barracks Reactor  
  23  2:32  SCV  
  24  2:43  Bunker  
  24  2:44  SCV  
  25  2:56  SCV  
  26  3:01  Marine x2  
  28  3:07  Widow Mine  
  28  3:11  Starport, SCV  
  31  3:14  Orbital Command  
  31  3:15  Refinery  
  31  3:19  Marine  
  32  3:23  SCV  
  32  3:29  Marine  
  33  3:35  Widow Mine, SCV  
  33  3:36  Marine  
  37  3:44  SCV  
  37  3:47  Marine  
  37  3:54  Marine  
  38  3:57  Barracks, SCV  
  38  3:59  Barracks  
  38  4:00  Widow Mine  
  41  4:04  SCV  
  41  4:05  Marine  
  42  4:12  Marine  
  42  4:13  SCV  
  44  4:23  Marine  
  45  4:25  Supply Depot, SCV  
  45  4:30  Marine  
  42  4:35  SCV  
  42  4:38  SCV  
  43  4:41  Marine  
  43  4:42  Factory Tech Lab  
  43  4:44  Starport Tech Lab  
  44  4:47  SCV  
  44  4:48  Marine  
  44  4:50  Engineering Bay, SCV  
  47  4:59  SCV  
  47  5:02  SCV  
  46  5:09  Marine x2  
  46  5:11  Stimpack, SCV  
  46  5:13  Marine x2  
  52  5:14  SCV  
  52  5:22  Supply Depot  
  52  5:23  SCV  
  52  5:24  Refinery  
  52  5:26  Marine, SCV  
  52  5:31  Marine x2  
  52  5:32  Starport Reactor  
  52  5:34  Factory Reactor  
  54  5:38  Supply Depot  
  54  5:41  Missile Turret  
  54  5:44  Marine, SCV x2  
  54  5:45  Supply Depot  
  54  5:46  Marine  
  54  5:48  Marine  
  59  5:56  Marine, SCV x2  
  62  6:01  Marine  
  62  6:03  Marine  
  64  6:05  Terran Infantry Weapons Level 1  
  64  6:06  Refinery  
  64  6:07  Supply Depot  
  64  6:08  Marine, SCV x2  
  64  6:12  Widow Mine x2  
  64  6:13  Medivac  
  71  6:20  SCV x2  
  71  6:23  Missile Turret  
  73  6:26  Marine x3  
  73  6:30  Marauder, Combat Shields  
  73  6:32  SCV x2  
  79  6:37  Widow Mine x2  
  83  6:41  Supply Depot  
  83  6:44  SCV x2  
  83  6:45  Supply Depot  
  85  6:56  SCV  
  85  6:58  Marauder x2, Medivac x2  
  94  7:02  Marine  
  94  7:03  SCV  
  96  7:10  Widow Mine  
  96  7:11  SCV  
  96  7:15  SCV  
  100  7:19  Marine  
  100  7:20  Marauder  
  102  7:23  SCV  
  102  7:25  Widow Mine  
  105  7:30  Medivac x2  
  105  7:36  Supply Depot x2  
  110  7:43  Marine  
  110  7:46  Supply Depot  
  110  7:52  Supply Depot  
  110  7:53  Supply Depot  
  117  8:02  Missile Turret  
Show
View Real Time Build Order
Export as new Build Order

Nice Protoss 

Build Orders: Oracle Opening 

Get SALT Encoding   

  12  0:00  Probe  
  13  0:12  Probe  
  14  0:18  Pylon  
  14  0:23  Probe  
  15  0:32  Probe  
  15  0:39  Gateway  
  15  0:40  Probe  
  16  0:47  Assimilator  
  17  0:51  Probe  
  18  1:03  Probe  
  19  1:15  Probe  
  20  1:23  Assimilator  
  20  1:27  Zealot  
  22  1:33  Cybernetics Core  
  22  1:34  Probe  
  22  1:36  Assimilator  
  23  1:41  Pylon  
  23  1:58  Probe  
  24  2:01  Adept  
  24  2:02  Pylon  
  24  2:06  Probe  
  24  2:14  Probe  
  27  2:20  Stargate  
  28  2:27  Adept  
  28  2:28  Probe  
  30  2:30  Pylon  
  30  2:38  Warp Gate  
  29  2:54  Oracle  
  29  2:57  Nexus  
  32  3:14  Probe  
  33  3:26  Probe  
  34  3:31  Oracle  
  36  3:58  Oracle, Probe  
  40  4:10  Probe  
  40  4:14  Probe  
  40  4:18  Gateway  
  40  4:19  Gateway  
  40  4:22  Probe  
  41  4:26  Oracle, Probe  
  42  4:38  Probe x2  
  43  4:42  Pylon  
  44  4:48  Twilight Council  
  44  4:50  Probe x2  
  43  5:02  Probe x2  
  45  5:10  Probe  
  45  5:11  Nexus  
  45  5:14  Resonating Glaives, Probe  
  45  5:18  Probe  
  48  5:21  Oracle  
  48  5:26  Probe  
  50  5:29  Probe  
  50  5:31  Pylon  
  51  5:35  Pylon  
  51  5:37  Forge  
  51  5:38  Probe  
  51  5:41  Probe  
  53  5:44  Assimilator  
  53  5:50  Probe  
  53  5:53  Protoss Ground Weapons Level 1  
  53  5:54  Probe  
  52  6:01  Gateway x2  
  52  6:02  Probe  
  52  6:03  Gateway  
  52  6:04  Phoenix  
  55  6:15  Adept x3  
  61  6:23  Probe x3  
  64  6:33  Gateway  
  64  6:35  Gateway  
  64  6:40  Adept x3  
  64  6:42  Probe x2  
  64  6:44  Probe  
  73  6:48  Phoenix  
  75  6:56  Pylon  
  75  7:03  Probe x3  
  75  7:07  Gateway  
  78  7:09  Pylon  
  78  7:13  Phoenix  
  78  7:15  Adept x3  
  82  7:16  Adept  
  88  7:38  Phoenix, Adept x3  
  88  7:39  Adept x4  
Tags
 
Add a new tag
Caveats
  • Supply blocks, unpowered buildings, or Contaminate may cause inaccurate times.
  • Supply counts are checked every 10 seconds.